 Dungeon Crawl Stone Soup version 0.31-a0-703-gcfe89afef6 (webtiles) character file.

Game seed: 6722057273926036079

2903 qw the Skirmisher (level 9, -9/59 HPs)
             Began as a Gargoyle Hunter on Sept 8, 2023.
             Killed from afar by an oklob plant (14 damage)
             ... with a splash of acid
             ... on level 7 of the Dungeon.
             The game lasted 00:02:08 (5367 turns).

qw the Skirmisher (Gargoyle Hunter)                 Turns: 5367, Time: 00:02:08

Health: -9/59      AC:  4    Str: 15    XL:     9   Next: 78%
Magic:  0/9        EV: 13    Int: 10    God:
Gold:   133        SH:  0    Dex: 17    Spells: 8/8 levels left

rFire   + . .        n - +2 shortbow (heavy)
rCold   . . .        (shield currently unavailable)
rNeg    + + .        j - +2 robe {rN+}
rPois   inf          (no helmet)
rElec   +            a - +0 cloak
rCorr   .            d - +0 pair of gloves
SInv    .            (no boots)
Will    .....        c - amulet of guardian spirit
Stlth   ++           h - ring of protection from fire
HPRegen 0.29/turn    l - +4 ring of slaying {mikee}
MPRegen 0.11/turn

%: guardian spirit
@: about to teleport, corroded
A: sickness immunity, AC +6, negative energy resistance 1, electricity
resistance, torment resistance 1, petrification resistance
a: no special abilities


You were on level 7 of the Dungeon.
You visited 1 branch of the dungeon, and saw 7 of its levels.

You collected 379 gold pieces.
You spent 246 gold pieces at shops.


Innate Abilities, Weirdness & Mutations

You are immune to sickness and miasma.
Your stone body is resilient. (AC +6)
You are immune to poison.
You resist negative energy. (rN+)
You are resistant to electric shocks. (rElec)
You are resistant to unholy torment.
You are immune to petrification.


   Skills:
 - Level 8.0 Fighting
 + Level 11.1 Ranged Weapons
 - Level 1.4 Armour
 - Level 3.5 Dodging
 - Level 1.1 Stealth


You had 8 spell levels left.
You didn't know any spells.
Your spell library was empty.

Inventory:

Hand Weapons
 n - a +2 heavy shortbow (weapon)
Armour
 a - a +0 cloak (worn)
 d - a +0 pair of gloves (worn)
 j - a +2 robe of positive energy (worn)
 k - a +1 pair of boots
Jewellery
 c - an amulet of guardian spirit (around neck)
 h - a ring of protection from fire (left hand)
 l - a +4 ring of slaying (right hand) {mikee}
 m - the ring "Iseas" {rPois rN+ Int+2}
   (You acquired it on level 2 of the Dungeon)

   [ring of positive energy]

   Int+2:     It affects your intelligence (+2).
   rPois:     It protects you from poison rN+: It protects you from negative
   energy.
 t - a ring of willpower
Scrolls
 i - a scroll of identify
 p - 3 scrolls of teleportation
Potions
 b - 3 potions of curing
 e - a potion of heal wounds
 f - a potion of cancellation
 g - a potion of enlightenment
 o - a potion of mutation {unknown}
 s - a potion of ambrosia {unknown}

Dungeon Overview and Level Annotations

Branches:
Dungeon (7/15)
 Temple: D:4-7

Altars:
Gozag
Qazlal

Shops:
D:3 *   D:6 ?

Annotations:
D:3 1 runed translucent door, Crazy Yiuf


Message History

You shoot an arrow.
The arrow hits the oklob plant but does no damage.
The oklob plant is moderately damaged.
The endoplasm jiggles.
You shoot an arrow. The arrow hits the endoplasm!
You kill the endoplasm!
You shoot an arrow. The arrow hits the oklob plant!
The oklob plant is heavily damaged.
The oklob plant spits acid at you. The splash of acid misses you.
You shoot an arrow.
The arrow hits the oklob plant but does no damage.
The oklob plant is heavily damaged.
You shoot an arrow. The arrow hits the oklob plant.
The oklob plant is heavily damaged.
You shoot an arrow.
The arrow hits the oklob plant but does no damage.
The oklob plant is heavily damaged.
The oklob plant spits acid at you. The splash of acid hits you!!
The oklob plant spits acid at you. The splash of acid hits you!
The acid corrodes you!
You shoot an arrow.
The arrow hits the oklob plant but does no damage.
The oklob plant is heavily damaged.
You shoot an arrow.
The arrow hits the oklob plant but does no damage.
The oklob plant is heavily damaged.
You shoot an arrow. The arrow hits the oklob plant!
The oklob plant is severely damaged.
You shoot an arrow. The arrow hits the oklob plant.
The oklob plant is almost destroyed.
The oklob plant spits acid at you. The splash of acid hits you!!
The acid corrodes you!
5367 ||| READING 4 scrolls of teleportation.
As you read the scroll of teleportation, it crumbles to dust.
You feel strangely unstable. The oklob plant spits acid at you.
The splash of acid hits you!
You die...

##..##.# ##...#..#
##...##
........######.....#
.............#..P..#
###..####....#.....
##.# ####.##...#
#..# ##.# ... #..#
#..# #'# # #..#
##..###@##
###..#####...##...#
.##.....##...#....#
...>.........[....#
###................#
##....##............
#...................
#...................
#..#####.........##.


You could see an oklob plant.

Vanquished Creatures
  Grinder (D:5)
  A steam dragon (D:6)
  2 black bears
  4 ice beasts
  4 ogres
  A centaur (D:6)
  2 phantoms (D:4)
  3 bullfrogs
  3 scorpions
  3 hounds
  10 jellies
  An orc priest (D:3)
  7 iguanas
  A sleepcap (D:5)
  Jessica (D:3)
  3 orc wizards
  7 gnolls
  13 adders
  4 shadow imps
  A white imp (D:6)
  A worm (D:2)
  6 dart slugs
  15 orcs
  22 endoplasms
  4 giant cockroaches
  4 goblins
  8 hobgoblins
  6 jackals
  8 quokkas
  6 ball pythons
  4 bats
  2 frilled lizards
  10 kobolds
  3 rats (D:1)
171 creatures vanquished.

Notes
Turn   | Place    | Note
-------+----------+-------------------------------------------
     0 | D:1      | qw the Gargoyle Hunter began the quest for the Orb.
     0 | D:1      | Reached XP level 1. HP: 12/12 MP: 1/1
     0 | D:1      | 0 ||| qw: Version: 0.3-a-76-g4403597
     0 | D:1      | 0 ||| qw: Game counter: 1283
     0 | D:1      | 0 ||| qw: Melee chars always use a shield: true
     0 | D:1      | 0 ||| qw: God list: Okawaru
     0 | D:1      | 0 ||| qw: Allow faded altars: false
     0 | D:1      | 0 ||| qw: Do Orc after clearing Dungeon:15 true
     0 | D:1      | 0 ||| qw: Do second Lair branch before Depths: true
     0 | D:1      | 0 ||| qw: Lair rune preference: random
     0 | D:1      | 0 ||| qw: Goals: Normal
     0 | D:1      | 0 ||| PLANNING D:1-11
   171 | D:1      | Reached XP level 2. HP: 17/17 MP: 2/2
   343 | D:1      | Reached XP level 3. HP: 21/21 MP: 3/3
   428 | D:1      | Reached skill level 5 in Ranged Weapons
   749 | D:1      | 749 ||| UPGRADING to +0 pair of gloves.
   754 | D:1      | 754 ||| UPGRADING to +0 ring mail.
   764 | D:1      | 764 ||| DROPPING +0 leather armour.
   765 | D:1      | 765 ||| READING scroll labelled WUIV NUGABUTOD.
   766 | D:1      | 766 ||| READING scroll labelled HON ZAOVVAONAY.
   767 | D:1      | 767 ||| DROPPING scroll of butterflies.
   975 | D:2      | Reached skill level 1 in Armour
   991 | D:2      | Reached XP level 4. HP: 25/27 MP: 4/4
  1320 | D:2      | Reached skill level 3 in Fighting
  2024 | D:2      | 2024 ||| UPGRADING to amulet of guardian spirit.
  2029 | D:2      | 2029 ||| READING scroll labelled MASOALARCHURY.
  2029 | D:2      | Identified a scroll of acquirement
  2029 | D:2      | 2029 ||| ACQUIRING ring "Iseas" {rPois rN+ Int+2}
  2029 | D:2      | Acquired the ring "Iseas" {rPois rN+ Int+2}
  2031 | D:2      | 2031 ||| UPGRADING to ring "Iseas" {rPois rN+ Int+2}.
  2032 | D:2      | 2032 ||| READING 2 scrolls labelled HIHITIU UGUMMIFF.
  2033 | D:2      | 2033 ||| READING scroll of enchant weapon.
  2033 | D:2      | 2033 ||| ENCHANTING +1 shortbow.
  2034 | D:2      | 2034 ||| READING 2 scrolls labelled LEMMUX DIHU.
  2035 | D:2      | 2035 ||| READING 3 scrolls labelled WYADO SY DURCH.
  2036 | D:2      | 2036 ||| READING scroll labelled ISHEIMY XEBENE.
  2037 | D:2      | 2037 ||| DROPPING 2 scrolls of immolation.
  2041 | D:3      | Found Kinwunlife's Assorted Antiques.
  2051 | D:3      | Reached XP level 5. HP: 32/32 MP: 5/5
  2085 | D:3      | 2085 ||| BUYING 2 fizzy cyan potions (54 gold).
  2085 | D:3      | Bought 2 fizzy cyan potions for 54 gold pieces
  2085 | D:3      | 2085 ||| SHOPLISTING fluorescent wand (120 gold, have 105).
  2085 | D:3      | 2085 ||| BUYING metallic green potion (27 gold).
  2085 | D:3      | Bought a metallic green potion for 27 gold pieces
  2085 | D:3      | 2085 ||| SHOPLISTING runed leather armour (150 gold, have
                  | 78).
  2153 | D:3      | Reached skill level 6 in Ranged Weapons
  2164 | D:3      | Noticed Jessica
  2166 | D:3      | Killed Jessica
  2265 | D:3      | 2265 ||| Stepping ~*~*~tactically~*~*~ (outnumbered).
  2266 | D:3      | 2266 ||| Stepping ~*~*~tactically~*~*~ (outnumbered).
  2267 | D:3      | 2267 ||| Stepping ~*~*~tactically~*~*~ (outnumbered).
  2278 | D:3      | HP: 6/33 [orc priest/divine providence (9)]
  2284 | D:3      | HP: 5/33 [orc priest/nerve-wracking pain (1)]
  2288 | D:3      | Reached XP level 6. HP: 6/39 MP: 1/6
  2587 | D:3      | Found a runed translucent door.
  2588 | D:3      | Noticed Crazy Yiuf
  2656 | D:3      | 2656 ||| UPGRADING to +2 robe of positive energy.
  2666 | D:3      | 2666 ||| DROPPING +0 ring mail.
  2667 | D:3      | 2667 ||| UPGRADING to +4 ring of slaying {mikee}.
  2668 | D:3      | 2668 ||| READING scroll labelled CAMNI TISUFEIT.
  2669 | D:3      | 2669 ||| DRINKING 2 glowing amethyst potions.
  2670 | D:3      | 2670 ||| DRINKING 2 metallic green potions.
  2671 | D:3      | 2671 ||| DRINKING 2 fizzy cyan potions.
  2906 | D:4      | Reached skill level 7 in Ranged Weapons
  2906 | D:4      | Reached XP level 7. HP: 41/44 MP: 5/7
  3033 | D:4      | Found an opulent altar of Gozag.
  3304 | D:4      | Reached skill level 8 in Ranged Weapons
  3361 | D:4      | 3361 ||| UPGRADING to ring of protection from fire.
  3363 | D:4      | 3363 ||| READING scroll labelled QUCSEE KUYBB.
  3364 | D:4      | 3364 ||| READING scroll labelled COICOA HIDIYD.
  3368 | D:4      | 3368 ||| READING 2 scrolls of identify.
  3368 | D:4      | 3368 ||| IDENTIFYING sapphire potion
  3369 | D:4      | 3369 ||| DROPPING potion of berserk rage.
  3372 | D:5      | Entered Level 5 of the Dungeon
  3380 | D:5      | Reached XP level 8. HP: 46/49 MP: 8/8
  3441 | D:5      | Reached skill level 9 in Ranged Weapons
  3576 | D:5      | Reached skill level 6 in Fighting
  3932 | D:5      | Noticed Grinder
  3936 | D:5      | Paralysed by Grinder for 3 turns
  3942 | D:5      | Killed Grinder
  3943 | D:5      | Reached skill level 10 in Ranged Weapons
  4091 | D:5      | 4091 ||| READING scroll labelled ENOIGIBUDE.
  4120 | D:6      | Found Nidis's Magic Scroll Shop.
  4125 | D:6      | 4125 ||| BUYING 3 scrolls of teleportation (135 gold).
  4125 | D:6      | Bought 3 scrolls of teleportation for 135 gold pieces
  4125 | D:6      | 4125 ||| SHOPLISTING scroll of acquirement (780 gold, have
                  | 38).
  4125 | D:6      | 4125 ||| SHOPLISTING scroll of brand weapon (142 gold, have
                  | 38).
  4125 | D:6      | 4125 ||| BUYING scroll of identify (30 gold).
  4125 | D:6      | Bought a scroll of identify for 30 gold pieces
  4125 | D:6      | 4125 ||| SHOPLISTING scroll of identify (30 gold, have 8).
  4125 | D:6      | 4125 ||| SHOPLISTING scroll of teleportation (45 gold, have
                  | 8).
  4210 | D:6      | Reached XP level 9. HP: 55/55 MP: 9/9
  4298 | D:6      | Reached skill level 3 in Dodging
  4436 | D:6      | Found a stormy altar of Qazlal.
  4854 | D:6      | Reached skill level 11 in Ranged Weapons
  5166 | D:6      | 5166 ||| UPGRADING to +0 cloak.
  5171 | D:6      | 5171 ||| READING scroll labelled MARASA FATITU.
  5172 | D:6      | 5172 ||| READING scroll labelled POOGIW HUEF.
  5173 | D:6      | 5173 ||| READING 3 scrolls of identify.
  5173 | D:6      | 5173 ||| IDENTIFYING grey potion
  5174 | D:6      | 5174 ||| READING 2 scrolls of identify.
  5174 | D:6      | 5174 ||| IDENTIFYING lumpy red potion
  5175 | D:6      | 5175 ||| DROPPING potion of attraction.
  5332 | D:7      | Noticed an oklob plant
  5366 | D:7      | HP: 5/59 [oklob plant/splash of acid (15)]
  5367 | D:7      | 5367 ||| READING 4 scrolls of teleportation.
  5367 | D:7      | Killed from afar by an oklob plant

Levels and vault maps discovered:
D:1:      beargit_arrival_diablo_church, layout_loops_ring,
          nicolae_figureground_pulse
D:2:      layout_basic, dk_noncrumbling_4, hangedman_decor_lopped
D:3:      layout_rooms, serial_shops, nicolae_shop_hallway_stairs, uniq_jessica,
          uniq_crazy_yiuf_cottage
D:4:      layout_basic, lemuel_round_altar
D:5:      layout_rooms, chequers_big_river, minmay_crystal_room,
          chequers_arboretum, guppyfry_early_lair_pool, uniq_grinder
D:6:      layout_cave_pods, grunt_qazlal_clouds, serial_column_ruins,
          column_ruins_square_large, column_ruins_square_medium,
          column_ruins_columns_corner, column_ruins_open_tiny,
          column_ruins_columns_corner, column_ruins_open_small,
          column_ruins_open_tiny, serial_shops, shop, st_stairs_5,
          minmay_increasing_density
D:7:      lemuel_slime, layout_layer_cave, minmay_temple_entry_sparse_star,
          kennysheep_small_circle

Skill      XL: |  1  2  3  4  5  6  7  8  9 |
---------------+----------------------------+-----
Ranged Weapons | 5 6 7 8 10 11 | 11.1
Armour         | 1 |  1.4
Fighting       | 3 4 5 6 8 |  8.0
Dodging        | 2 3 |  3.5
Stealth        | |  1.1

Action                     |  1- 3 |  4- 6 |  7- 9 || total
---------------------------+-------+-------+-------++-------
   Fire: Shortbow          |   104 |   160 |   228 ||   492
    Use: Scroll            |     2 |     7 |     9 ||    18
         Potion            |       |     3 |       ||     3
 Armour: Leather armour    |    10 |       |       ||    10
         Ring mail         |    44 |    32 |       ||    76
         Robe              |       |     3 |    65 ||    68
  Dodge: Dodged            |    55 |    48 |    71 ||   174

Table legend:
 A = Non-vault XP
 B = Vault XP
 C = Vault XP percentage of total XP
 D = Non-vault monster count
 E = Vault monster count
 F = Vault count percentage of total count
                 A         B        C        D         E       F
            +---------+---------+-------+---------+---------+-------
      Total |    2926 |    1222 |  29.5 |     134 |      37 |  21.6
            +---------+---------+-------+---------+---------+-------
        D:1 |      43 |       1 |   2.3 |      23 |       1 |   4.2
        D:2 |     118 |       0 |   0.0 |      23 |       0 |   0.0
        D:3 |     180 |      37 |  17.1 |      21 |       1 |   4.5
        D:4 |     722 |       0 |   0.0 |      35 |       0 |   0.0
        D:5 |     798 |     306 |  27.7 |      18 |       4 |  18.2
        D:6 |     894 |     549 |  38.0 |      11 |      10 |  47.6
        D:7 |     171 |     329 |  65.8 |       3 |      21 |  87.5
            +---------+---------+-------+---------+---------+-------
